 Dungeon Sprint DCSS version 0.21-a0-113-g6841d05 (webtiles) character file.

805 Kidiri the Thaumaturge (level 7, -6/44 HPs)
             Began as a Deep Elf Fire Elementalist on July 12, 2017.
             Was a High Priest of Vehumet.
             Mangled by a death yak (24 damage)
             ... in the Dungeon (Sprint VII: "The Pits").
             The game lasted 00:04:51 (696 turns).

Kidiri the Thaumaturge (Deep Elf Fire Elementalist)  Turns: 696, Time: 00:04:51

Health: -6/44      AC:  2    Str:  5    XL:     7   Next: 60%
Magic:  12/23      EV: 16    Int: 22    God:    Vehumet [*****.]
Gold:   0          SH:  0    Dex: 15    Spells: 5/28 levels left

rFire    . . .     SeeInvis .   r - +0 dagger (elec)
rCold    . . .     Gourm    .   (no shield)
rNeg     . . .     Faith    .   a - +0 robe
rPois    .         Spirit   .   (no helmet)
rElec    .         Reflect  .   (no cloak)
rCorr    .         Harm     .   (no gloves)
MR       .....     NoTele   +   (no boots)
Stlth    ++........             (no amulet)
HPRegen  0.14/turn              (no ring)
MPRegen  0.18/turn              (no ring)

@: no status effects
A: no striking features
a: Renounce Religion


You were in the Dungeon.
You worshipped Vehumet.
Vehumet was extremely pleased with you.
You were not hungry.

You visited 1 branch

Inventory:

Hand Weapons
 r - a +0 dagger of electrocution (weapon)
Armour
 a - a +0 robe (worn)
Scrolls
 i - a scroll of blinking
 k - 3 scrolls of remove curse
 l - 5 scrolls of amnesia
 m - a scroll of summoning
Potions
 d - 6 potions of curing
 e - 5 potions of heal wounds
 f - a potion of haste
 g - 2 potions of magic
 h - 2 potions of berserk rage
 j - a potion of invisibility
Books
 b - a book of Flames

   Spells                             Type                      Level
   a - Flame Tongue                   Conjuration/Fire             1
   b - Throw Flame                    Conjuration/Fire             2
   c - Conjure Flame                  Conjuration/Fire             3
   d - Inner Flame                    Hexes/Fire                   3
   e - Sticky Flame                   Conjuration/Fire             4
   f - Fireball                       Conjuration/Fire             5
Comestibles
 c - 8 bread rations
 n - 40 fruits
 o - 7 meat rations
 p - 2 chunks of flesh


   Skills:
 + Level 4.6 Fighting
 + Level 5.3 Short Blades
 + Level 4.8 Armour
 + Level 7.0 Dodging
 - Level 2.4 Stealth
 * Level 11.1 Spellcasting
 + Level 6.4 Conjurations
 + Level 7.1 Fire Magic
 + Level 2.6 Ice Magic
 + Level 1.9 Air Magic
 + Level 1.8 Poison Magic


You had 5 spell levels left.
You knew the following spells:

 Your Spells              Type           Power        Failure   Level  Hunger
a - Flame Tongue          Conj/Fire      #####        1%          1    None
b - Throw Flame           Conj/Fire      #####.       1%          2    None
c - Conjure Flame         Conj/Fire      #####...     1%          3    None
d - Inner Flame           Hex/Fire       ####....     1%          3    None
e - Sticky Flame          Conj/Fire      #####...     1%          4    #......
f - Fireball              Conj/Fire      #####.....   2%          5    ####...
g - Throw Frost           Conj/Ice       ####..       1%          2    None
h - Mephitic Cloud        Conj/Pois/Air  ####....     1%          3    None


Dungeon Overview and Level Annotations

Branches:
Dungeon (1/1)

Altars:
Ashenzari
Cheibriados
Dithmenos
Elyvilon
Fedhas
Gozag
Hepliaklqana
Kikubaaqudgha
Makhleb
Nemelex Xobeh
Okawaru
Qazlal
Ru
Sif Muna
Trog
Uskayaw
Vehumet
Wu Jian
Xom
Yredelemnul
Zin
The Shining One
Beogh
Jiyva
Lugonu


Message History

Confirm with . or Enter, or press ? or * to list all spells.
Okay, then.
Casting: Mephitic Cloud
Confirm with . or Enter, or press ? or * to list all spells.
Aiming: Flame Tongue
Press: ? - help, Shift-Dir - straight line, f/p - death yak
Aim: a death yak (flame, moderately wounded, covered in liquid flames)
The flame tongue hits the death yak.
The death yak is moderately wounded.
The death yak burns!
The manticore is engulfed in noxious fumes.
The manticore appears confused.
The manticore bites the death yak!
The manticore closely misses the death yak.
The manticore claws the death yak.
The orc wizard is engulfed in noxious fumes.
The orc wizard appears confused.
The death yak is engulfed in blazing flames.
The death yak gores you!!
Ouch! That really hurt!
You die...

#.#..########...<...#
#.#..+[))).##.......#
#)#..#[))).##.......#
#)###########.......#
#..)....#..##########
#).)#...#)# ###
#...#...#.# §..#
#.##.##.#+#§§o.#
#...#...#@YH§..+
#...#...#+#o..o#
#.......'.# o..#
########### ###


You could see a death yak (burning), a manticore (confused), an orc wizard and 3
orcs.

Vanquished Creatures
  A steam dragon (D)
  2 hungry ghosts (D)
  An ice beast (D)
  A centaur (D)
  A gnoll sergeant (D)
  A crimson imp (D)
  An orc priest (D)
  A hound (D)
  An orc wizard (D)
  4 gnolls (D)
  An ufetubus (D)
  An adder skeleton (D)
  A leopard gecko (D)
  An orc (D)
  A hobgoblin (D)
  2 jackals (D)
  A quokka (D)
  A goblin (D)
  2 rats (D)
25 creatures vanquished.

Notes
Turn   | Place    | Note
-------+----------+-------------------------------------------
     0 | D        | Kidiri the Deep Elf Fire Elementalist began the quest for the Orb.
     0 | D        | Reached XP level 1. HP: 10/10 MP: 6/6
    51 | D        | Found a bloodstained altar of Trog.
    51 | D        | Found a deep blue altar of Sif Muna.
    51 | D        | Found a viscous altar of Jiyva.
    51 | D        | Found a hazy altar of Hepliaklqana.
    51 | D        | Found an opulent altar of Gozag.
    52 | D        | Found a glowing golden altar of the Shining One.
    52 | D        | Found a glowing silver altar of Zin.
    52 | D        | Found a basalt altar of Yredelemnul.
    52 | D        | Found a shimmering altar of Xom.
    52 | D        | Found an ornate altar of the Wu Jian Council.
    52 | D        | Found a sacrificial altar of Ru.
    52 | D        | Found a stormy altar of Qazlal.
    52 | D        | Found an iron altar of Okawaru.
    52 | D        | Found a sparkling altar of Nemelex Xobeh.
    52 | D        | Found a burning altar of Makhleb.
    52 | D        | Found a blossoming altar of Fedhas.
    52 | D        | Found a white marble altar of Elyvilon.
    52 | D        | Found a shadowy altar of Dithmenos.
    52 | D        | Found a snail-covered altar of Cheibriados.
    54 | D        | Found a radiant altar of Vehumet.
    54 | D        | Found a corrupted altar of Lugonu.
    54 | D        | Found a roughly hewn altar of Beogh.
    55 | D        | Found a hide-covered altar of Uskayaw.
    55 | D        | Found an ancient bone altar of Kikubaaqudgha.
    55 | D        | Found a shattered altar of Ashenzari.
    62 | D        | Became a worshipper of Vehumet
    87 | D        | Reached skill level 4 in Spellcasting
    99 | D        | Reached * piety under Vehumet
    99 | D        | Offered knowledge of Sting by Vehumet.
    99 | D        | Reached skill level 1 in Fighting
    99 | D        | Reached skill level 1 in Armour
    99 | D        | Reached XP level 2. HP: 16/16 MP: 9/9
   111 | D        | Learned a level 2 spell: Throw Flame
   144 | D        | Noticed a crimson imp
   151 | D        | Reached ** piety under Vehumet
   168 | D        | Killed a crimson imp
   168 | D        | Reached skill level 1 in Short Blades
   168 | D        | Reached skill level 5 in Spellcasting
   168 | D        | Reached XP level 3. HP: 11/21 MP: 1/12
   306 | D        | Learned a level 3 spell: Conjure Flame
   310 | D        | Learned a level 3 spell: Inner Flame
   352 | D        | Noticed a hungry ghost
   358 | D        | Noticed a gnoll sergeant
   361 | D        | Noticed a centaur
   363 | D        | Noticed a hungry ghost
   377 | D        | Killed a gnoll sergeant
   377 | D        | Killed a hungry ghost
   377 | D        | Offered knowledge of Throw Frost by Vehumet.
   377 | D        | Reached *** piety under Vehumet
   377 | D        | Reached skill level 7 in Spellcasting
   377 | D        | Reached skill level 5 in Fire Magic
   377 | D        | Reached XP level 4. HP: 27/27 MP: 5/15
   377 | D        | Reached XP level 5. HP: 32/32 MP: 5/17
   377 | D        | Reached skill level 5 in Dodging
   377 | D        | Reached skill level 8 in Spellcasting
   379 | D        | Killed a hungry ghost
   379 | D        | Reached skill level 9 in Spellcasting
   379 | D        | Reached skill level 5 in Conjurations
   379 | D        | Reached XP level 6. HP: 38/38 MP: 6/20
   383 | D        | Reached **** piety under Vehumet
   389 | D        | Learned a level 4 spell: Sticky Flame
   391 | D        | Noticed an ice beast
   395 | D        | Learned a level 5 spell: Fireball
   398 | D        | Learned a level 2 spell: Throw Frost
   401 | D        | Killed an ice beast
   401 | D        | Offered knowledge of Mephitic Cloud by Vehumet.
   401 | D        | Reached skill level 10 in Spellcasting
   401 | D        | Reached skill level 1 in Ice Magic
   410 | D        | Reached skill level 5 in Short Blades
   410 | D        | Reached XP level 7. HP: 40/43 MP: 5/22
   415 | D        | Learned a level 3 spell: Mephitic Cloud
   508 | D        | Offered knowledge of Force Lance by Vehumet.
   508 | D        | Reached ***** piety under Vehumet
   530 | D        | Noticed a steam dragon
   539 | D        | Killed a steam dragon
   539 | D        | Reached skill level 1 in Air Magic
   539 | D        | Reached skill level 1 in Poison Magic
   644 | D        | Reached skill level 11 in Spellcasting
   692 | D        | Noticed a manticore
   692 | D        | Noticed a death yak
   696 | D        | Mangled by a death yak

Vault maps used:
D:        pitsprint

Skill      XL: |  1  2  3  4  5  6  7 |
---------------+----------------------+-----
Spellcasting   | 4 5 7 9 10 11 | 11.1
Fighting       | 1 2 3 4 |  4.6
Armour         | 1 3 4 |  4.8
Conjurations   | 2 4 5 6 |  6.4
Short Blades   | 1 3 4 5 |  5.3
Dodging        | 3 4 6 7 |  7.0
Fire Magic     | 4 5 6 7 |  7.1
Ice Magic      | 1 2 |  2.6
Air Magic      | 1 |  1.9
Poison Magic   | 1 |  1.8
Stealth        | |  2.4

Action                   |  1- 3 |  4- 6 |  7- 9 || total
-------------------------+-------+-------+-------++-------
Melee: Dagger            |    16 |     5 |     1 ||    22
 Cast: Flame Tongue      |    22 |     5 |     7 ||    34
       Conjure Flame     |     4 |       |     1 ||     5
       Inner Flame       |     2 |     1 |       ||     3
       Sticky Flame      |       |     2 |     5 ||     7
       Mephitic Cloud    |       |       |     3 ||     3
  Use: Potion            |     5 |       |       ||     5
 Stab: Sleeping          |     1 |       |       ||     1
       Invisible         |     2 |       |       ||     2
Armor: Robe              |     1 |       |       ||     1
Dodge: Dodged            |    25 |    11 |     7 ||    43
